 Dungeon Crawl Stone Soup version 0.26-a0-812-g31a745ddcd (webtiles) character file.

Game seed: 13158986049200673602

573 Borgoz the Slasher (level 7, -3/58 HPs)
             Began as a Ghoul Gladiator on Dec 8, 2020.
             Slain by Edmund
             ... wielding a +1 flail of protection
              (6 damage)
             ... on level 5 of the Dungeon.
             The game lasted 00:04:54 (4479 turns).

Borgoz the Slasher (Ghoul Gladiator)                Turns: 4479, Time: 00:04:55

Health: -3/58      AC:  7    Str: 17 (18) XL:     7   Next: 34%
Magic:  6/6        EV: 13    Int:  3 (4)  God:
Gold:   170        SH:  0    Dex:  9 (11) Spells: 6/6 levels left

rFire    . . .     SeeInvis .   a - +0 long sword
rCold    + . .     Faith    .   (no shield)
rNeg     + + +     Spirit   .   n - +2 leather armour {MR+}
rPois    ∞         Reflect  .   e - +2 hat
rElec    .         Harm     .   (no cloak)
rCorr    .         Rampage  .   (no gloves)
MR       +....                  (no boots)
Stlth    +.........             (no amulet)
HPRegen  0.00/turn              (no ring)
MPRegen  0.10/turn              (no ring)

@: attractive
A: rotting body, claws 1, cold resistance 1, negative energy resistance 3,
inhibited regeneration, torment resistance, unbreathing
a: no special abilities


You were on level 5 of the Dungeon.
You visited 1 branch of the dungeon, and saw 5 of its levels.

You collected 170 gold pieces.

Inventory:

Hand Weapons
 a - a +0 long sword (weapon)
Armour
 e - a +2 hat (worn)
 n - a +2 leather armour of magic resistance (worn)
Jewellery
 o - the amulet of Cuptusokk {Spirit rElec rN+ Int-5}
   (You found it on level 5 of the Dungeon)

   [amulet of guardian spirit]

   It causes incoming damage to be split between your health and magic.
   It affects your intelligence (-5).
   It insulates you from electricity.
   It protects you from negative energy.
Scrolls
 b - 2 scrolls of remove curse
 c - a scroll of amnesia
 f - 3 scrolls of magic mapping {unknown}
 g - 2 scrolls of teleportation {unknown}
 j - a scroll of noise {unknown}
 k - a scroll of random uselessness {unknown}
Potions
 i - 2 potions of brilliance


   Skills:
 + Level 3.9 Fighting
 * Level 4.9 Long Blades
 - Level 1.7 Throwing
 * Level 3.7 Armour
 + Level 3.9 Dodging


You had 6 spell levels left.
You didn't know any spells.
Your spell library was empty.

Dungeon Overview and Level Annotations

Branches:
Dungeon (5/15)             Temple (0/1) D:4

Altars:
Dithmenos
Fedhas
Kikubaaqudgha
Makhleb
Ru
Vehumet

Annotations:
D:5 Edmund


Innate Abilities, Weirdness & Mutations

Your body is rotting away.
You thrive by killing the living.
You are immune to poison.
You have sharp fingernails.
Your flesh is cold resistant. (rC+)
You are immune to negative energy. (rN+++)
You do not regenerate when monsters are visible.
You are immune to unholy pain and torment.
You can survive without breathing.


Message History

Edmund is moderately wounded.
The quokka twitches its whiskers.
Edmund says, "You wouldn't believe how much I paid for this flail."
Edmund closely misses you.
You riposte.
You hit Edmund.
Edmund is heavily wounded.
You hit Edmund but do no damage.
Edmund is heavily wounded.
Edmund hits you but does no damage.
You hit Edmund but do no damage.
Edmund is heavily wounded.
Edmund hits you but does no damage.
You hit Edmund but do no damage.
Edmund is heavily wounded.
Edmund barely misses you.
You riposte.
You barely miss Edmund.
Edmund is heavily wounded.
Okay, then.
As you read the scroll labelled ITUERO AMAD, it crumbles to dust.
You feel blessed for a moment.
It was a scroll of remove curse.
Edmund hits you with a +1 flail of protection.
You die...

#..........#
#..........#
#..........#####
#######+#......#
##+#### #......#
##......#
#......###........
#......##.........
#......##O....§...
#......@@r.†..(...
###+##.(#.........
#..#.....$§..
#..#.........
#..##........
#...#......≈.
+...##....... #...
#......


You could see Edmund, an ogre and a quokka.

Vanquished Creatures
  A water moccasin (D:5)
  An ogre (D:4)
  2 scorpions
  A crimson imp (D:3)
  A hound (D:4)
  2 orc wizards (D:4)
  An iguana (D:4)
  A worker ant zombie (D:2)
  A gnoll (D:1)
  4 adders
  3 worms (D:2)
  2 dart slugs (D:2)
  6 orcs
  3 ball pythons
  4 bats
  A giant cockroach (D:1)
  6 goblins
  4 hobgoblins
  15 jackals
  3 frilled lizards
  9 kobolds
  8 rats
79 creatures vanquished.

Vanquished Creatures (others)
  7 fungi (D:3)
  3 plants (D:3)
10 creatures vanquished.

Grand Total: 89 creatures vanquished

Notes
Turn   | Place    | Note
-------+----------+-------------------------------------------
     0 | D:1      | Borgoz the Ghoul Gladiator began the quest for the Orb.
     0 | D:1      | Reached XP level 1. HP: 17/17 MP: 0/0
   119 | D:1      | Reached XP level 2. HP: 25/25 MP: 1/1
   302 | D:1      | Reached skill level 3 in Long Blades
   302 | D:1      | Reached skill level 1 in Armour
   625 | D:1      | Reached XP level 3. HP: 28/30 MP: 2/2
  1663 | D:2      | Reached XP level 4. HP: 36/37 MP: 3/3
  1984 | D:2      | Found a shadowy altar of Dithmenos.
  2749 | D:3      | Found a radiant altar of Vehumet.
  2750 | D:3      | Found a burning altar of Makhleb.
  2754 | D:3      | Reached XP level 5. HP: 35/45 MP: 4/4
  3011 | D:3      | Reached skill level 4 in Long Blades
  3027 | D:3      | Found a blossoming altar of Fedhas.
  3219 | D:4      | Reached XP level 6. HP: 41/51 MP: 5/5
  3613 | D:4      | Found a staircase to the Ecumenical Temple.
  3780 | D:4      | Found a sacrificial altar of Ru.
  3821 | D:4      | Reached XP level 7. HP: 56/58 MP: 6/6
  3934 | D:4      | Found an ancient bone altar of Kikubaaqudgha.
  4087 | D:5      | Entered Level 5 of the Dungeon
  4110 | D:5      | Got a glittering emerald amulet
  4163 | D:5      | Identified the amulet of Cuptusokk {Spirit rElec rN+ Int-5}
                  | (You found it on level 5 of the Dungeon)
  4163 | D:5      | Lost intelligence.
  4418 | D:5      | Noticed Edmund
  4479 | D:5      | Slain by Edmund

Illustrated notes

Levels and vault maps discovered:
D:1:      dpeg_arrival_radiant, layout_loops_corners, amethyst_killhole
D:2:      wander_river, layout_basic, nicolae_overflow_hidden_temple,
          minmay_puff
D:3:      layout_basic, grunt_temple_overflow_lords_of_destruction,
          fedhas_altar_3, minmay_unequal
D:4:      layout_basic, nicolae_ru_great_annihilating_truth,
          kiku_gazebo_garden_becter, minmay_temple_entry_from_below_a
D:5:      layout_gridville, tgw_sif, serial_shops, shop, shop, shop,
          nicolae_shop_crystal, minmay_crystal_room, kennysheep_potato,
          uniq_eustachio, uniq_edmund, uniq_pikel

Skill      XL: |  1  2  3  4  5  6 |
---------------+-------------------+-----
Long Blades    | 3 4 |  4.9
Armour         | 1 2 3 |  3.7
Dodging        | 3 |  3.9
Fighting       | 3 |  3.9
Throwing       | |  1.7

Action                   |  1- 3 |  4- 6 |  7- 9 || total
-------------------------+-------+-------+-------++-------
Melee: Long sword        |    84 |   150 |    92 ||   326
Throw: Throwing net      |     1 |       |     2 ||     3
  Use: Scroll            |     1 |     3 |     1 ||     5
       Potion            |       |       |     4 ||     4
 Stab: Paralysed         |       |       |     1 ||     1
Armor: Leather armour    |    21 |     7 |    30 ||    58
       Ring mail         |     4 |    37 |       ||    41
Dodge: Dodged            |    68 |   103 |    49 ||   220
       Rpst.: Long sword |    27 |    31 |    17 ||    75

Table legend: (Time is in decaauts)
 A = Elapsed time spent in this place.
 B = Non-inter-level travel time spent in this place.
 C = Inter-level travel time spent in this place.
 D = Time resting spent in this place.
 E = Time spent auto-exploring this place.
 F = Levels seen in this place.
 G = Mean time per level.
                   A        B        C        D        E       F      G
               +--------+--------+--------+--------+--------+-----+--------+
         Total |   4557 |   4456 |    101 |    740 |   2898 |   5 |  911.4 |
       Dungeon |   4557 |   4456 |    101 |    740 |   2898 |   5 |  911.4 |
               +--------+--------+--------+--------+--------+-----+--------+

Top non-repeatable levels by time:
     D:1: 1354 daAuts
     D:2: 1156 daAuts
     D:4: 887 daAuts
     D:3: 742 daAuts
     D:5: 417 daAuts
